 Dungeon Crawl Stone Soup version 0.29-a0-364-g921d912d32 (webtiles) character file.

Game seed: 5424094113481765797

137 spaghetti the Skirmisher (level 5, -20/42 HPs)
             Began as a Mummy Fighter on Apr 30, 2022.
             Demolished by an ogre
             ... wielding a +0 giant club
              (25 damage)
             ... on level 4 of the Dungeon.
             The game lasted 00:03:06 (2343 turns).

spaghetti the Skirmisher (Mummy Fighter)            Turns: 2343, Time: 00:03:07

Health: -20/42     AC:  6    Str: 21    XL:     5   Next: 0%
Magic:  5/5        EV:  9    Int:  8    God:
Gold:   138        SH:  4    Dex: 11    Spells: 4/4 levels left

rFire   x . .      SeeInvis .   a - +0 war axe {axe}
rCold   + . .      Faith    .   c - +0 buckler
rNeg    + + +      Spirit   .   b - +0 scale mail
rPois   ∞          Reflect  .   (no helmet)
rElec   .          Harm     .   (no cloak)
rCorr   .          Rampage  .   (no gloves)
Will    .....                   (no boots)
Stlth   ..........              (no amulet)
HPRegen 0.14/turn               (no ring)
MPRegen 0.09/turn               (no ring)

@: no status effects
A: cold resistance 1, negative energy resistance 3, torment resistance 2, heat
vulnerability 1, in touch with death 1, no potions
a: no special abilities


You were on level 4 of the Dungeon.
You visited 1 branch of the dungeon, and saw 4 of its levels.

You collected 138 gold pieces.


Innate Abilities, Weirdness & Mutations

You are immune to poison.
Your flesh is cold resistant. (rC+)
You are immune to negative energy. (rN+++)
You are immune to unholy pain and torment.
You are vulnerable to heat. (rF-)
You are in touch with the powers of death.
You do not drink.


   Skills:
 + Level 4.1 Fighting
 + Level 2.7 Axes
 + Level 3.3 Armour
 - Level 2.4 Shields


You had 4 spell levels left.
You didn't know any spells.
Your spell library contained the following spells:

 Spells                   Type           Power      Damage    Failure   Level
 Summon Small Mammal      Summ           0%         N/A       83%         1
 Call Canine Familiar     Summ           0%         N/A       99%         3
 Summon Guardian Golem    Hex/Summ       0%         N/A       99%         3

Inventory:

Hand Weapons
 a - a +0 war axe (weapon) {axe}
 g - a +2 mace of draining {mace}
   (You found it on level 2 of the Dungeon)
 h - a +1 short sword of draining {short}
   (You took it off a kobold on level 2 of the Dungeon)
 o - a +0 vorpal spear {polearm}
   (You found it on level 3 of the Dungeon)
Missiles
 d - 56 stones (quivered) {throwing}
 l - 5 poisoned darts {throwing}
 n - a throwing net {=f!fthrowing}
Armour
 b - a +0 scale mail (worn)
 c - a +0 buckler (worn)
Magical Staves
 q - a staff of air {!astaff}
   (You found it on level 4 of the Dungeon)
Wands
 p - a wand of iceblast (7)
   (You took it off a kobold on level 3 of the Dungeon)
Scrolls
 e - 2 scrolls of fear {unknown}
 f - a scroll of enchant weapon {unknown}
 i - 2 scrolls of teleportation {unknown}
 j - a scroll of torment {unknown}
 k - 3 scrolls of identify {unknown}
 m - a scroll of magic mapping {unknown}

Dungeon Overview and Level Annotations

Branches:
Dungeon (4/15)
 Temple: D:4-7

Altars:
Wu Jian

Annotations:
D:3 1 runed translucent door

########## ###
.........# #####..
.........#########......
.......@................
.#####O#########>.......
#.. #........ ...(
#........ #..(.
#........ #.....
#......## #....#
#......# #.... #......#
#......#


You could see an ogre.


Message History

The orc hits you with a +0 hand axe. The ball python bites you.
The ball python constricts you. 😕 HP[-5]
You take 5 damage, and now have 28/37 hp.
Unknown command.
You closely miss the orc. You hit the ball python.
You kill the ball python!
You hit the orc. The orc closely misses you.
The orc hits you with a +0 hand axe. x2; The orc barely misses you. 😮 HP[-7]
You take 7 damage, and now have 21/37 hp.
You hit the orc.
You kill the orc!
You hit the orc.
You kill the orc!
You hit the orc priest. You barely miss the orc.
The orc hits you with a +0 mace.
* * * LOW HITPOINT WARNING * * *
😨 HP[-4]
You take 4 damage, and now have 17/37 hp.
You hit the orc but do no damage. You hit the orc priest.
The orc barely misses you.
The orc priest hits you but does no damage.
You hit the orc. You slash the orc!
You kill the orc!
You slash the orc priest!
You kill the orc priest!
The orc hits you but does no damage. The orc hits you with a +0 mace.
* * * LOW HITPOINT WARNING * * *
Your Fighting skill increases to level 4! 😨 HP[-2]
You take 2 damage, and now have 15/37 hp.
You closely miss the orc. The orc barely misses you. 😨 HP[+1]
You closely miss the orc. The orc closely misses you. x2
You slash the orc!
You kill the orc!
You have reached level 5!
You feel clever. 😨 HP[+2] MP[+1]
You now have 42 max hp (+5).
You regained 2 hp, and now have 18/42 hp.
Your mp is fully restored (5).
You start resting.
You hear the rusting of a distant drain.
Unknown command.
Unknown command.
You start resting.
You hear the brisk rusting of a distant drain. 😮 HP[+7]
You regained 7 hp, and now have 25/42 hp.
Key pressed, stopping explore.
You hear the brisk rusting of a distant drain.
Key pressed, stopping explore.
You hear the brisk rusting of a distant drain.
Items here: )) [ †. 😎 HP[+17]
Your hp is fully restored (42).
Unknown command.
d - 57 stones {throwing} (gained 1)
Items here: ) [ ††.
Things that are here:
a +0 club {mace}; a +0 hand axe {axe}; an orc corpse
Things that are here:
a +0 hand axe {axe}; an orc corpse
Items here: )) [ †.
Found a stone staircase leading down.
d - 58 stones {throwing} (gained 1)
You now have 126 gold pieces (gained 11).
You now have 138 gold pieces (gained 12).
Key pressed, stopping explore.
You hear the quick rusting of a very distant drain.
You open the door.
An ogre comes into view. It is wielding a +0 giant club.
The ogre shouts!
You throw a stone {throwing}. The stone {throwing} hits the ogre.
You throw a stone {throwing}.
The stone {throwing} hits the ogre but does no damage.
You hit the ogre. The ogre closely misses you.
You hit the ogre.
The ogre hits you with a +0 giant club!!
Ouch! That really hurt!
* * * LOW HITPOINT WARNING * * *
😨 HP[-29]
You take 29 damage, and now have 13/42 hp.
MASSIVE DAMAGE!! (PAUSE)
You hit the ogre. You block the ogre's attack.
Unknown command.
You hit the ogre. You block the ogre's attack.
You slash the ogre! The ogre hits you with a +0 giant club!
* * * LOW HITPOINT WARNING * * *
😱 HP[-8]
You take 8 damage, and now have 5/42 hp.
Unknown command.
You barely miss the ogre. You barely miss the ogre.
You hear the quick rusting of a very distant drain.
The ogre hits you with a +0 giant club!!
Ouch! That really hurt!
You die...

Skill      XL: |  1  2  3  4 |
---------------+-------------+-----
Axes           | 2 |  2.7
Armour         | 3 |  3.3
Fighting       | 4 |  4.1
Shields        | |  2.4

Action                   |  1- 3 |  4- 6 || total
-------------------------+-------+-------++-------
Melee: War axe           |   130 |    21 ||   151
Throw: Stone             |     3 |    12 ||    15
Armor: Scale mail        |    73 |     7 ||    80
Dodge: Dodged            |    70 |    10 ||    80
Block: Buckler           |    19 |     2 ||    21

Levels and vault maps discovered:
D:1:      ebering_trefoil_3fold, layout_rooms,
          shapermc_ecumenical_altar_hornbeckon
D:2:      layout_basic
D:3:      layout_loops_ring, nzn_wu_jian_council_hall, ebering_ghost_sewer_d
D:4:      minmay_opposing_rooms, layout_basic, gup_sewer_entry_bubbles,
          hangedman_decor_points, uniq_natasha

Notes
Turn   | Place    | Note
-------+----------+-------------------------------------------
     0 | D:1      | spaghetti the Mummy Fighter began the quest for the Orb.
     0 | D:1      | Reached XP level 1. HP: 18/18 MP: 1/1
     0 | D:1      | magus.rc [v1.9.6]
    82 | D:1      | Reached XP level 2. HP: 19/24 MP: 2/2
   275 | D:1      | Reached skill level 2 in Axes
   353 | D:1      | You pick up a book of Callings and begin reading...
   353 | D:1      | You add the spells Summon Small Mammal, Call Canine
                  | Familiar and Summon Guardian Golem to your library.
   504 | D:1      | Found a faded altar of an unknown god.
   685 | D:2      | Gained mutation: You are in touch with the powers of death.
                  | [Mummy growth]
   685 | D:2      | Reached XP level 3. HP: 29/29 MP: 3/3
  1083 | D:2      | Reached skill level 3 in Armour
  1660 | D:3      | Found an ornate altar of the Wu Jian Council.
  1675 | D:3      | Found a runed translucent door.
  1942 | D:4      | Reached XP level 4. HP: 25/37 MP: 4/4
  2089 | D:4      | Reached skill level 4 in Fighting
  2092 | D:4      | Reached XP level 5. HP: 18/42 MP: 5/5
  2334 | D:4      | Noticed an ogre
  2341 | D:4      | HP: 5/42 [ogre/+0 giant club (9)]
  2343 | D:4      | Demolished by an ogre

Vanquished Creatures
  A hound (D:4)
  An orc priest (D:4)
  An adder (D:2)
  A worm (D:2)
  A dart slug (D:2)
  5 orcs (D:4)
  5 endoplasms
  4 giant cockroaches
  4 goblins
  5 hobgoblins
  2 jackals (D:2)
  5 kobolds
  3 quokkas
  5 ball pythons
  5 bats
  A frilled lizard (D:1)
  7 rats
56 creatures vanquished.

Table legend:
 A = Non-vault XP
 B = Vault XP
 C = Vault XP percentage of total XP
 D = Non-vault monster count
 E = Vault monster count
 F = Vault count percentage of total count
                 A         B        C        D         E       F
            +---------+---------+-------+---------+---------+-------
      Total |     197 |       0 |   0.0 |      56 |       0 |   0.0
            +---------+---------+-------+---------+---------+-------
        D:1 |      32 |       0 |   0.0 |      21 |       0 |   0.0
        D:2 |      49 |       0 |   0.0 |      17 |       0 |   0.0
        D:3 |      13 |       0 |   0.0 |       8 |       0 |   0.0
        D:4 |     103 |       0 |   0.0 |      10 |       0 |   0.0
            +---------+---------+-------+---------+---------+-------

Illustrated notes

Table legend:
 A = Kills in this place as a percentage of kills in entire the game.
 B = Kills by you in this place as a percentage of kills by you in the entire game.
 C = Kills by friends in this place as a percentage of kills by friends in the entire game.
 D = Other kills in this place as a percentage of other kills in the entire game.
 E = Experience gained in this place as a percentage of experience gained in the entire game.
 F = Experience gained in this place divided by the number of levels of this place that you have seen.
                   A       B       C       D       E      F
               +-------+-------+-------+-------+-------+----------------------
         Total | 100.0 | 100.0 |   N/A |   N/A | 100.0 |  49.2
       Dungeon | 100.0 | 100.0 |   N/A |   N/A | 100.0 |  49.2
               +-------+-------+-------+-------+-------+----------------------

Table legend: (Time is in decaauts)
 A = Elapsed time spent in this place.
 B = Non-inter-level travel time spent in this place.
 C = Inter-level travel time spent in this place.
 D = Time resting spent in this place.
 E = Time spent auto-exploring this place.
 F = Levels seen in this place.
 G = Mean time per level.
                   A        B        C        D        E       F      G
               +--------+--------+--------+--------+--------+-----+--------+
         Total |   2417 |   2374 |     43 |    108 |   1854 |   4 |  604.2 |
       Dungeon |   2417 |   2374 |     43 |    108 |   1854 |   4 |  604.2 |
               +--------+--------+--------+--------+--------+-----+--------+

Top non-repeatable levels by time:
     D:3: 686 daAuts
     D:1: 646 daAuts
     D:2: 629 daAuts
     D:4: 456 daAuts
